[Event "*** SCC Grand Prix: Titled Tuesday Blitz"]
[Site "Chess.com"]
[Date "2020.09.08"]
[Round "5"]
[White "Bastiandash"]
[Black "Misticpikachu"]
[Result "0-1"]
[WhiteElo "2401"]
[BlackElo "2277"]
[TimeControl "180+1"]
[EndTime "10:58:17 PDT"]
[Termination "Misticpikachu won by resignation"]

1. d4 d5 2. Nf3 e6 3. c3 Nf6 4. Bg5 Be7 5. e3 O-O 6. Bd3 b6 7. Nbd2 Bb7 8. O-O c5 9. Ne5 Nc6 10. f4 Qc7 11. Qf3 Ne8 12. Qh3 f5 13. Ndf3 h6 14.
Bxe7 Qxe7 15. Ng6 Qf6 16. Nxf8 Qxf8 17. Ne5 Ne7 18. g4 fxg4 19. Qxg4 Qf6 20. Kh1 Nf5 21. Bxf5 exf5 22. Qg2 Nd6 23. Rg1 Ne4 24. Qf3 Re8 25. Rg6 Qh4 26. Rg2 Ba6 27. Rag1 Re7 28. Ng6 Qf6 29.
Nxe7+ Qxe7 30. Rxg7+ Qxg7 31. Rxg7+ Kxg7 32. Qg2+ Kf7 33.
Qf3 Nf6 34. Qh3 Kg6 35. Qg2+ Kf7 36. Qc2 Ke6 37. Qa4 Bd3 38. Qc6+ Kf7 39. dxc5 d4 40.
Qc7+ Kg6 41. cxd4 Kh5 42. Qe5 Ng4 43. Kg1 Nxe5 44. fxe5 bxc5 45. dxc5 Kg6 46. c6 Bb5 47. c7 Bd7 48. Kf2 Kf7 49. Kg3 Ke6 50. Kf4 a5 51.
a3 a4 52. e4 fxe4 53. Kxe4 Bc6+ 54. Kd4 Bb7 55. Kc5 Kxe5 56. Kb5 Kd6 57. Kxa4 Kxc7 58. Kb4 Bc6 59. Kc5 Bd7 60. b4 h5 61. Kd5 Kb6 62. Kd6 Bg4 63. a4 Bd1 64. a5+ Kb5 65. Kc7 Kxb4 66. a6 Bf3 67. a7 Kc3 68. Kb8 Kd2 69.
a8=Q Bxa8 70. Kxa8 Ke3 71. Kb7 Kf2 72. Kc6 Kg2 73.
Kd5 Kxh2 74. Ke4 Kg3 75. Ke3 h4 76. Ke2 Kg2 0-1

[Event "*** SCC Grand Prix: Titled Tuesday Blitz"]
[Site "Chess.com"]
[Date "2020.09.08"]
[Round "5"]
[White "sokidze"]
[Black "GM_Levan_Pantsulaia"]
[Result "0-1"]
[WhiteElo "2610"]
[BlackElo "2857"]
[TimeControl "180+1"]
[EndTime "10:58:37 PDT"]
[Termination "GM_Levan_Pantsulaia won on time"]

1. d4 Nf6 2. g3 c5 3. d5 g6 4.
Bg2 Bg7 5. c4 O-O 6. Nc3 e6 7. Nf3 exd5 8. cxd5 d6 9. O-O Re8 10. Nd2 Nbd7 11. h3 a6 12. a4 Rb8 13.
Nc4 Nb6 14. Na3 Bd7 15. e4 Nxa4 16. Nxa4 Nxe4 17. Bxe4 Rxe4 18. Nc3 Rd4 19. Qf3 Bxh3 20. Re1 Bg4 21. Qg2 Bf5 22. Be3 Rb4 23. Re2 h5 24. f3 b5 25. Rf1 Rb3 26. Nab1 Bd3 27. Rd1 Bxe2 28. Qxe2 c4 29. Qc2 Qe7 30. Bf2 b4 31.
Ne4 Rxf3 32. Nbd2 Rf5 33. Nxc4 b3 34. Qd3 Be5 35. Nxe5 Rxe5 36. Nc3 Re8 37. Kg2 Rg5 38. Qf3 Rf5 39. Qd3 Qf6 40. Rf1 Qe7 41. Qd2 h4 42. g4 h3+ 43. Kxh3 Rf3+ 44. Kg2 Qf6 45. Qd4 Qxd4 46. Bxd4 Rxf1 47. Kxf1 Rc8 48. Ke2 Rc4 49. Kd3 Rb4 50. Ne4 a5 51. Bc3 Rb5 52. Kc4 Rb8 53.
Nxd6 a4 54. Nb5 f5 55. gxf5 gxf5 56. d6 f4 57. Nd4 a3 58. Nxb3 a2 59. Na1 f3 60.
Bd4 Kf7 61. b4 Ke6 62. Bc5 Rc8 63. Kd3 Rc6 64. Ke3 Ra6 65. Kxf3 Ra3+ 66. Ke2 Rc3 67. Kd2 Rc4 68. Kd3 Rc1 69. Nb3 Rb1 70. Bd4 Rxb3+ 71. Kc2 Rb1 0-1

[Event "*** SCC Grand Prix: Titled Tuesday Blitz"]
[Site "Chess.com"]
[Date "2020.09.08"]
[Round "5"]
[White "Lion-Al-Messi"]
[Black "The_Machine04"]
[Result "1-0"]
[WhiteElo "2546"]
[BlackElo "2275"]
[TimeControl "180+1"]
[EndTime "10:58:37 PDT"]
[Termination "Lion-Al-Messi won by checkmate"]

1. e4 d6 2. d4 Nf6 3. Nc3 e5 4. Nf3 Nbd7 5. Be2 Be7 6. O-O O-O 7. Re1 c6 8. a4 Qc7 9. h3 h6 10. Be3 Re8 11. Qd2 Nf8 12. Rad1 Ng6 13. Nh2 Be6 14. d5 cxd5 15. exd5 Bd7 16. Nb5 Bxb5 17. Bxb5 Rec8 18. c3 Ne4 19. Qc2 Nc5 20. Bxc5 Qxc5 21. Ng4 Nf4 22. Qf5 h5 23. Nh2 g6 24. Qc2 a6 25. Bf1 b5 26. a5 Nxd5 27. Nf3 Nf4 28. Nd4 Bf8 29. Qe4 exd4 30. Qxf4 dxc3 31. bxc3 Qxc3 32.
Bd3 Re8 33. Be4 Rad8 34. Re3 Qe5 35. Qf3 Qg7 36. Red3 Re5 37. Bb7 Qh6 38. Bxa6 Qg5 39.
Bb7 Qf5 40. a6 Qxf3 41. Rxf3 b4 42. a7 Ra5 43. a8=Q Rdxa8 44. Bxa8 Rxa8 45. Rb3 Rb8 46. Rd5 Rb6 47. Kf1 Kg7 48. Ke2 Kf6 49. Kd3 Ke6 50.
Ra5 d5 51. Ra8 Be7 52. Re8 Rc6 53.
Rxb4 Kd7 54. Rbb8 Re6 55. Rg8 Rf6 56. f3 Rf5 57. Ra8 Ke6 58. Ra6+ Ke5 59. Ra4 Bf6 60. Re8+ Kd6 61. Ra6+ Kd7 62. Rb8 Ke7 63. Rb7+ Kf8 64. Ke3 Kg7 65. g4 hxg4 66. hxg4 Bg5+ 67. Ke2 Re5+ 68. Kf2 d4 69. Raa7 Be3+ 70. Kg2 Rc5 71. Rxf7+ Kh6 72. Rh7+ Kg5 73. Rhe7 Rc2+ 74. Kh3 Kf4 75.
Rf7+ Kg5 76. Ra5+ Kh6 77. Kg3 Bf2+ 78. Kh3 Be3 79. f4 d3 80. g5+ Kh5 81. Rh7# 1-0

[Event "*** SCC Grand Prix: Titled Tuesday Blitz"]
[Site "Chess.com"]
[Date "2020.09.08"]
[Round "5"]
[White "Yuwono"]
[Black "Iskusnyh"]
[Result "1-0"]
[WhiteElo "2421"]
[BlackElo "2577"]
[TimeControl "180+1"]
[EndTime "10:59:12 PDT"]
[Termination "Yuwono won on time"]

1. d4 d5 2. Bf4 Nf6 3. e3 c5 4.
Nd2 Nc6 5. Ngf3 cxd4 6. exd4 Bg4 7.
c3 e6 8. Bd3 Be7 9. O-O O-O 10.
h3 Bh5 11. Re1 Rc8 12. Qe2 Re8 13. Bg5 Nd7 14. Bf4 Nf8 15. Rad1 Bg6 16. Ne5 Nxe5 17. Bxe5 Nd7 18. Bg3 Qb6 19. Nf3 Bh5 20. Rd2 Bd6 21.
Kh2 Bxg3+ 22. fxg3 Bg6 23. Bxg6 hxg6 24. Qe3 Nf8 25.
Ne5 f6 26. Nd3 Qd6 27. Qf3 g5 28. Rde2 Re7 29. Nb4 Rce8 30. Nd3 b6 31. a3 Ng6 32.
Kh1 Nh8 33. Nf2 Nf7 34. Ng4 Qd7 35. Rf1 Nd6 36. Nf2 Nf5 37. Rfe1 Qd6 38. Kh2 a5 39. Ng4 b5 40. Ne3 Nh6 41. Ng4 Nf7 42. Kh1 b4 43. axb4 axb4 44. h4 bxc3 45. bxc3 Qd7 46. h5 Qd6 47. Rf2 Rf8 48. Nxf6+ gxf6 49. Qxf6 Ree8 50. Qg6+ Kh8 51. Qf6+ Kh7 52. Qg6+ Kh8 53. Rxf7 Rxf7 54. Qxf7 Rf8 55. Qg6 Qxg3 56. Qh6+ Kg8 57. Qxe6+ Kh8 58. Qe5+ Qxe5 59. Rxe5 Rc8 60. Rxd5 g4 61. Kh2 Rxc3 62. Rg5 Rd3 63. Rxg4 Kh7 64. Rf4 Kh6 65. Re4 Kxh5 66. g3 Kg5 67. Kh3 Kf5 68. Re5+ Kf6 69. Rd5 Ke6 70. Rd8 Kf5 71. Kh4 Rd1 72. Rf8+ Kg6 73.
Rf4 Rd3 74. Kg4 Rd1 75. Re4 Kf6 76. Kf4 Rf1+ 77. Kg4 Rd1 78. Rf4+ Kg6 79. Kf3 Rd3+ 80.
Kf2 Kg5 81. Re4 Kf5 82. Rh4 Kg5 83. Kg2 Rd2+ 84. Kh3 Rd1 85. Re4 Rh1+ 86. Kg2 Rd1 87. Re5+ Kf6 88. Re4 Kf5 89. Rf4+ Kg5 90. Kf3 Rd3+ 91.
Ke4 Rxg3 92. Rf1 1-0

[Event "*** SCC Grand Prix: Titled Tuesday Blitz"]
[Site "Chess.com"]
[Date "2020.09.08"]
[Round "5"]
[White "killer311"]
[Black "Thereisnof0rk"]
[Result "0-1"]
[WhiteElo "2455"]
[BlackElo "2282"]
[TimeControl "180+1"]
[EndTime "10:59:15 PDT"]
[Termination "Thereisnof0rk won by checkmate"]

1. d4 d5 2. c4 c6 3. e3 Nf6 4. Nf3 Bg4 5. Nc3 e6 6. Be2 Nbd7 7. O-O Bd6 8. b3 O-O 9. Bb2 Qe7 10. Rc1 Rad8 11.
h3 Bh5 12. Nd2 Bxe2 13. Qxe2 e5 14. cxd5 exd4 15. exd4 Qxe2 16. Nxe2 Nxd5 17. Nc4 Bc7 18. Rfe1 Rfe8 19. Nc3 Nxc3 20. Bxc3 Nf6 21. Ba5 Rxe1+ 22.
Rxe1 Bxa5 23. Nxa5 Rd7 24. f3 Kf8 25. Kf2 Nd5 26. Rd1 f6 27. g3 h5 28. a3 Kf7 29.
Re1 Nc3 30. Ke3 Nb5 31. Nc4 Nxd4 32. Rb1 b5 33. Na5 c5 34. Ke4 Ke6 35. b4 c4 36. g4 g6 37. gxh5 f5+ 38. Kf4 gxh5 39. Kg5 Nxf3+ 40. Kxh5 Rd3 41. Nb7 Rxa3 42. Nc5+ Kd5 43.
Rd1+ Kc6 44. Kg6 c3 45. Kxf5 c2 46. Rc1 Rc3 47. Ne4 Rc4 48. Kf4 Nd2 49. Ke3 Nxe4 50. Kd3 Nd6 51. h4 Rxb4 52. Rxc2+ Rc4 53. Rg2 Rxh4 54. Rc2+ Kb6 55. Ra2 Rh3+ 56. Kd4 Rh4+ 57. Kd5 Nc4 58. Ra1 Rh5+ 59. Kd4 a5 60. Rg1 Rh4+ 61. Kc3 Rh3+ 62. Kc2 a4 63. Kb1 Ka5 64. Rg8 Kb4 65. Ra8 Rh1+ 66. Kc2 Rh2+ 67. Kd3 a3 68. Rd8 Kb3 69. Ra8 b4 70. Kd4 a2 71. Kc5 Rh5+ 72. Kd4 Na3 73. Rg8 a1=Q+ 74. Ke4 Qb1+ 75. Kf4 Qg1 76. Rxg1 Rh4+ 77. Kg3 Rc4 78. Kf3 Rc2 79. Ke3 Kc3 80. Rg4 Nc4+ 81. Ke4 b3 82. Rg3+ Kb4 83. Rg8 b2 84. Rb8+ Kc3 85. Kd5 Na3 86. Rc8+ Kd2 87.
Rd8 b1=Q 88. Ke4+ Ke2 89. Rh8 Rc4+ 90. Kd5 Rg4 91. Rh2+ Kf3 92. Ke5 Rg3 93. Rh5 Qb2+ 94. Kf5 Qc2+ 95. Kf6 Qc3+ 96. Ke6 Qb3+ 97. Kf6 Qc3+ 98.
Kf7 Qe3 99. Rf5+ Qf4 100. Rxf4+ Kxf4 101. Kf6 Nc4 102. Ke6 Ne5 103. Kd6 Rg6+ 104. Kc7 Kf5 105. Kb7 Rh6 106. Ka7 Ke4 107. Ka8 Kd5 108. Kb8 Kc6 109. Kc8 Rh8# 0-1

[Event "*** SCC Grand Prix: Titled Tuesday Blitz"]
[Site "Chess.com"]
[Date "2020.09.08"]
[Round "5"]
[White "Schandenfreude"]
[Black "francyIM"]
[Result "1/2-1/2"]
[WhiteElo "2522"]
[BlackElo "2704"]
[TimeControl "180+1"]
[EndTime "11:00:05 PDT"]
[Termination "Game drawn by repetition"]

1. Nf3 c5 2. c4 Nc6 3. d4 cxd4 4. Nxd4 g6 5. e4 d6 6. Be2 Nf6 7. Nc3 Nxd4 8. Qxd4 Bg7 9. O-O O-O 10. Qd3 a5 11. Be3 a4 12. Rab1 Qa5 13. Nd5 Nxd5 14. cxd5 Bd7 15. Bd4 Bb5 16. Qxb5 Qxb5 17. Bxb5 Bxd4 18.
Rfc1 Bc5 19. Bd3 e6 20. dxe6 fxe6 21. Rc2 Rf4 22. Kf1 Raf8 23. f3 g5 24. h3 h5 25.
Ke2 g4 26. hxg4 hxg4 27. Rf1 Kg7 28. Rcc1 b6 29. Rc4 b5 30. Rcc1 b4 31. b3 axb3 32.
axb3 gxf3+ 33. gxf3 Kf6 34. Rh1 Ra8 35. Ra1 Rg8 36. Rh2 Rg3 37. Rf1 Ke5 38. Rh5+ Kd4 39. Rh2 Rf8 40. Bc4 Rf6 41. Rd1+ Ke5 42. Rh5+ Kf4 43. Rh4+ Kg5 44. Rh2 Rfxf3 45. Bxe6 Re3+ 46. Kd2 Rxe4 47. Bc4 Reg4 48. Kc2 Kf6 49. Rdd2 Ke7 50.
Rhe2+ Kd7 51. Be6+ Kc6 52. Bxg4 Rxg4 53. Rd3 Rg1 54.
Rdd2 Ra1 55. Kd3 Ra3 56. Kc4 Ra1 57. Kd3 Rc1 58. Rc2 Rb1 59. Rb2 Rd1+ 60. Red2 Rh1 61. Rh2 Rf1 62. Rbd2 Rc1 63. Rc2 Rd1+ 64. Rcd2 Rf1 65.
Kc2 Rf3 66. Rhe2 Rc3+ 67. Kb2 Rf3 68. Kc2 Rf4 69. Kb2 Rf8 70. Kc2 Rf4 71. Kb2 Bd4+ 72. Kc2 Bc3 73. Rd3 Kc5 74. Rxc3+ bxc3 75. Kxc3 Rf3+ 76.
Kb2 d5 77. Rd2 d4 78. Kc2 Rg3 79. Rh2 Kb4 80. Rh4 Rc3+ 81. Kd2 Kc5 82. Rh5+ Kd6 83. Rh6+ Kc5 84. Rh5+ Kc6 85. Rh6+ Kd5 86. Rh5+ Ke6 87. Rh6+ Ke5 88. Rh5+ Kf6 89. Rh6+ Kg5 90. Rd6 Rxb3 91. Rxd4 Rb8 92. Rd3 Kf4 93. Rd4+ Ke5 94. Rh4 Rb2+ 95. Kc3 Rg2 96. Rh5+ Kf4 97. Rh4+ Kg5 98. Rc4 Kf5 99. Rc5+ Ke4 100. Rh5 Rg1 101. Rh4+ Kd5 102. Rh5+ Kd6 103. Rh6+ Ke5 104. Rh5+ Kf4 105. Rh4+ Kg5 106. Rh8 Rc1+ 107. Kd2 Rc7 108. Rg8+ Kf5 109. Rf8+ Ke5 110. Re8+ Kd4 111. Rd8+ Kc4 112. Ke3 Re7+ 113. Kf4 Kc5 114. Kf3 Kc4 115. Kf4 Kc5 116. Kf3 Kc4 117. Kf4 1/2-1/2

[Event "*** SCC Grand Prix: Titled Tuesday Blitz"]
[Site "Chess.com"]
[Date "2020.09.08"]
[Round "6"]
[White "Mbneu"]
[Black "KarstenHansch"]
[Result "0-1"]
[WhiteElo "2269"]
[BlackElo "2477"]
[TimeControl "180+1"]
[EndTime "11:02:15 PDT"]
[Termination "KarstenHansch won by resignation"]

1. d4 d5 2. c4 e6 3. Nc3 Nf6 4. Nf3 Be7 5. g3 O-O 6. Bg2 dxc4 7. Ne5 Nc6 8. Bxc6 bxc6 9. Nxc6 Qe8 10. Nxe7+ Qxe7 11. Qa4 c5 12. dxc5 Qxc5 13. Be3 Qc7 14. f3 Rd8 15. O-O Nd5 16. Nxd5 exd5 17. Bd4 Be6 18.
Kg2 Qd7 19. g4 Qxa4 0-1

[Event "*** SCC Grand Prix: Titled Tuesday Blitz"]
[Site "Chess.com"]
[Date "2020.09.08"]
[Round "6"]
[White "KubaGepard"]
[Black "jucAxx"]
[Result "1-0"]
[WhiteElo "2393"]
[BlackElo "2068"]
[TimeControl "180+1"]
[EndTime "11:02:21 PDT"]
[Termination "KubaGepard won by resignation"]

1. d4 f5 2. Nf3 Nf6 3. g3 d6 4.
Bg2 c6 5. Nc3 Qc7 6. O-O e5 7.
dxe5 dxe5 8. e4 fxe4 9. Ng5 Bg4 10. Qe1 Bf5 11. Ngxe4 Nbd7 12. Nxf6+ Nxf6 13. Bf4 Bd6 14. Bxe5 Bxe5 15. f4 O-O-O 16. fxe5 Ng4 17. Rxf5 Qb6+ 18.
Kh1 Rhf8 19. Rxf8 Rxf8 20. Ne4 Qxb2 21. Rb1 Qxe5 22. Qb4 Rf7 23. Nd6+ 1-0

[Event "*** SCC Grand Prix: Titled Tuesday Blitz"]
[Site "Chess.com"]
[Date "2020.09.08"]
[Round "6"]
[White "KiranManisha"]
[Black "pastouche06"]
[Result "1-0"]
[WhiteElo "2294"]
[BlackElo "2485"]
[TimeControl "180+1"]
[EndTime "11:02:48 PDT"]
[Termination "KiranManisha won by resignation"]

1. e4 c6 2. d4 d5 3. e5 Bf5 4.
h4 h5 5. c4 e6 6. Nc3 Ne7 7. Nge2 Bg4 8. f3 Bf5 9. Ng3 Bg6 10. Bg5 Qb6 11. Qb3 dxc4 12. Bxc4 Nd7 13. Nge4 Nf5 14. O-O-O Nxd4 15. Qxb6 Nxb6 16. Rxd4 Bc5 17.
Nxc5 1-0

[Event "*** SCC Grand Prix: Titled Tuesday Blitz"]
[Site "Chess.com"]
[Date "2020.09.08"]
[Round "6"]
[White "enriquebutti"]
[Black "Hard_Utilizator"]
[Result "1-0"]
[WhiteElo "1842"]
[BlackElo "2321"]
[TimeControl "180+1"]
[EndTime "11:02:53 PDT"]
[Termination "enriquebutti won by resignation"]

1. d4 d5 2. c4 e6 3. Nf3 Nf6 4. e3 c6 5. Bd3 Nbd7 6. O-O Bd6 7.
Nc3 O-O 8. e4 dxc4 9. Bxc4 e5 10. Bg5 h6 11. Bh4 exd4 12. Qxd4 Re8 13. Qxd6 1-0

[Event "*** SCC Grand Prix: Titled Tuesday Blitz"]
[Site "Chess.com"]
[Date "2020.09.08"]
[Round "6"]
[White "Brave_spirit12"]
[Black "kidagent"]
[Result "1-0"]
[WhiteElo "2506"]
[BlackElo "2283"]
[TimeControl "180+1"]
[EndTime "11:03:02 PDT"]
[Termination "Brave_spirit12 won by resignation"]

1. e4 c5 2. c3 d5 3. exd5 Qxd5 4. Nf3 Nf6 5. d4 Bg4 6. Be2 Nc6 7. O-O cxd4 8.
cxd4 e6 9. Nc3 Qa5 10. Bf4 Be7 11.
Nb5 O-O 12. Bc7 Qa6 13. Nd6 Bxf3 14. gxf3 b5 15. Bxb5 Bxd6 16. Bxa6 Bxc7 17. Bb7 1-0

[Event "*** SCC Grand Prix: Titled Tuesday Blitz"]
[Site "Chess.com"]
[Date "2020.09.08"]
[Round "6"]
[White "SamuelGhimpu2003"]
[Black "Aborigen_came"]
[Result "0-1"]
[WhiteElo "2502"]
[BlackElo "2701"]
[TimeControl "180+1"]
[EndTime "11:03:07 PDT"]
[Termination "Aborigen_came won by resignation"]

1. d4 e6 2. Nc3 Bb4 3. Qd3 f5 4. a3 Bxc3+ 5. Qxc3 Nf6 6. f3 O-O 7. Nh3 d6 8. Nf2 Nc6 9. e3 e5 10. dxe5 Nxe5 11. b3 Re8 12. Bb2 Nd5 13. Qd2 Nxe3 0-1

[Event "*** SCC Grand Prix: Titled Tuesday Blitz"]
[Site "Chess.com"]
[Date "2020.09.08"]
[Round "6"]
[White "LedakovAlexandr"]
[Black "kasparicy"]
[Result "1-0"]
[WhiteElo "2443"]
[BlackElo "2318"]
[TimeControl "180+1"]
[EndTime "11:03:13 PDT"]
[Termination "LedakovAlexandr won by checkmate"]

1. d4 Nf6 2. Nf3 g6 3. Nc3 Bg7 4. e4 d6 5. Be2 O-O 6. O-O c5 7. d5 e5 8. Nd2 a6 9. a4 b6 10. Nc4 Qc7 11. f4 Nfd7 12. f5 Bb7 13. Ne3 Nf6 14.
h4 Nbd7 15. g4 Rfe8 16. g5 Nh5 17. Bxh5 gxh5 18. f6 Bf8 19. Qxh5 c4 20. Nf5 Nc5 21. Nh6+ Bxh6 22. Qxh6 Qd7 23. Qg7# 1-0

[Event "*** SCC Grand Prix: Titled Tuesday Blitz"]
[Site "Chess.com"]
[Date "2020.09.08"]
[Round "6"]
[White "Quiet_Desperation"]
[Black "mapleaff"]
[Result "0-1"]
[WhiteElo "2003"]
[BlackElo "2381"]
[TimeControl "180+1"]
[EndTime "11:03:38 PDT"]
[Termination "mapleaff won by resignation"]

1. e4 e5 2. Nf3 Nc6 3. Bb5 Nf6 4. d3 Bc5 5. O-O Nd4 6. Nxd4 Bxd4 7. c3 Bb6 8. Kh1 c6 9. Ba4 d6 10. h3 h6 11. Bb3 O-O 12. f4 Be6 13. f5 Bxb3 14. axb3 d5 15. Qe2 dxe4 16. dxe4 Qe7 17. g4 Nh7 18.
Nd2 Rad8 19. Nf3 Rd7 20. Be3 Rfd8 21. Rg1 Bxe3 22. Qxe3 Rd3 23. Qe2 Ng5 24. Nxg5 Qxg5 25. Qg2 Qh4 26. Kh2 0-1

[Event "*** SCC Grand Prix: Titled Tuesday Blitz"]
[Site "Chess.com"]
[Date "2020.09.08"]
[Round "6"]
[White "RestartingChess"]
[Black "northridgehawk"]
[Result "1-0"]
[WhiteElo "2431"]
[BlackElo "2307"]
[TimeControl "180+1"]
[EndTime "11:03:40 PDT"]
[Termination "RestartingChess won by checkmate"]

1. e4 e5 2. Nf3 Nc6 3. Bc4 Nf6 4. d3 Bc5 5. h3 d6 6. Bg5 h6 7. Bxf6 Qxf6 8. Nc3 Be6 9. Nd5 Qd8 10. a3 Nd4 11. b4 Bb6 12. Nxb6 axb6 13. Nxd4 exd4 14. Bxe6 fxe6 15. Qh5+ Kd7 16. O-O Rf8 17. f4 c6 18. f5 e5 19. Qg4 Rf7 20. f6+ Kc7 21.
fxg7 Qg8 22. Rxf7+ Qxf7 23. Rf1 Qg8 24. Qg6 b5 25. Rf7+ Kb6 26. Rd7 h5 27. Qxd6 Rxa3 28. Qc7+ Ka6 29. Qxb7# 1-0

[Event "*** SCC Grand Prix: Titled Tuesday Blitz"]
[Site "Chess.com"]
[Date "2020.09.08"]
[Round "6"]
[White "MPGM"]
[Black "vinniethepooh"]
[Result "0-1"]
[WhiteElo "2475"]
[BlackElo "2657"]
[TimeControl "180+1"]
[EndTime "11:03:48 PDT"]
[Termination "vinniethepooh won by resignation"]

1. d4 Nf6 2. c4 b6 3. f3 Nc6 4. e4 e5 5. dxe5 Nxe5 6. Nc3 Bc5 7. Bg5 Ba6 8. Nd5 Nxe4 9. Bxd8 Bf2+ 10. Ke2 Bxc4+ 11.
Qd3 Bxd3+ 12. Kd1 Bxf1 13. Nxc7+ Kxd8 14. Nxa8 Bxg2 15. fxe4 Bxh1 16. Nh3 0-1

[Event "*** SCC Grand Prix: Titled Tuesday Blitz"]
[Site "Chess.com"]
[Date "2020.09.08"]
[Round "6"]
[White "Bulldog167"]
[Black "JesseKraai"]
[Result "1-0"]
[WhiteElo "2837"]
[BlackElo "2510"]
[TimeControl "180+1"]
[EndTime "11:04:08 PDT"]
[Termination "Bulldog167 won by resignation"]

1. e4 d6 2. d4 Nf6 3. f3 e5 4.
dxe5 dxe5 5. Qxd8+ Kxd8 6. Bc4 Ke8 7. Be3 Bd6 8. Nc3 a6 9. O-O-O Ke7 10. Bg5 Be6 11. Nd5+ Bxd5 12. Bxd5 c6 13. Bxf7 Nd7 14. Ne2 h6 15. Be3 Bc5 16. Bxc5+ Nxc5 17. Bb3 a5 18. a3 b5 19. Ba2 b4 20. Ng3 g6 21.
Nf1 Rhb8 22. Ne3 Nfd7 23. Nc4 Na4 24. Bb3 Nac5 25. a4 1-0

[Event "*** SCC Grand Prix: Titled Tuesday Blitz"]
[Site "Chess.com"]
[Date "2020.09.08"]
[Round "6"]
[White "GaboSalazar2001"]
[Black "TrickyFortem"]
[Result "1-0"]
[WhiteElo "2352"]
[BlackElo "2442"]
[TimeControl "180+1"]
[EndTime "11:04:08 PDT"]
[Termination "GaboSalazar2001 won by resignation"]

1. e4 c5 2. Nf3 d6 3. d4 cxd4 4. Nxd4 Nf6 5. Nc3 a6 6. Be3 e5 7. Nb3 Be6 8. h3 Be7 9. Qf3 Nc6 10. g4 b5 11. O-O-O b4 12. Nd5 Bxd5 13. exd5 Na5 14. g5 Nd7 15. h4 Nxb3+ 16. cxb3 O-O 17. Bd3 f5 18. Bxf5 Kh8 19. Qe4 g6 20. Be6 Nc5 21.
Bxc5 Rf4 22. Qxf4 exf4 23. Bd4+ Bf6 24. Bxf6+ Qxf6 25. gxf6 1-0

[Event "*** SCC Grand Prix: Titled Tuesday Blitz"]
[Site "Chess.com"]
[Date "2020.09.08"]
[Round "6"]
[White "geordie_derraugh"]
[Black "RamyresCoelho"]
[Result "1-0"]
[WhiteElo "2386"]
[BlackElo "1799"]
[TimeControl "180+1"]
[EndTime "11:04:17 PDT"]
[Termination "geordie_derraugh won by resignation"]

1. e4 c5 2. Nf3 d6 3. Bb5+ Nd7 4. d4 cxd4 5. Qxd4 a6 6. Bxd7+ Bxd7 7. c4 e5 8. Qd3 h6 9. Nc3 Nf6 10. O-O Be7 11.
Rd1 O-O 12. b3 Rb8 13. a4 Qc7 14. Be3 Ng4 15. Nd5 Qd8 16. Bb6 Qe8 17. Bc7 Rc8 18. Nxe7+ Qxe7 19. Bxd6 Qe6 20. Bxf8 Rxf8 21. Qxd7 Qg6 22.
Qf5 Qxf5 23. exf5 Nf6 24. Nxe5 Ne4 25. Rd7 b5 26. axb5 axb5 27. cxb5 Rb8 28. f3 Nc3 29. Rxf7 Rxb5 30. Ra8+ Kh7 31. Ng6 Ne2+ 32. Kf2 Rxf5 33.
Rxf5 Nd4 34. Nf8+ Kg8 35. Ne6+ Kh7 36. Nxd4 1-0

[Event "*** SCC Grand Prix: Titled Tuesday Blitz"]
[Site "Chess.com"]
[Date "2020.09.08"]
[Round "6"]
[White "ChessWarrior3"]
[Black "Synctel"]
[Result "0-1"]
[WhiteElo "2128"]
[BlackElo "1992"]
[TimeControl "180+1"]
[EndTime "11:04:25 PDT"]
[Termination "Synctel won by checkmate"]

1. e4 e6 2. d4 d5 3. Nc3 Nf6 4. e5 Nfd7 5. f4 c5 6. Nf3 Nc6 7. Be3 a6 8. Qd2 b5 9. dxc5 Bxc5 10. O-O-O Bb7 11. Bd3 d4 12. Nxd4 Nxd4 13. Ne4 O-O 14. Nxc5 Nxc5 15. Bxd4 Nxd3+ 16. Qxd3 Qd5 17. g4 Qxa2 18.
b3 Rfd8 19. Rhg1 Rac8 20. f5 Rxd4 21. Qe2 Qa1# 0-1

[Event "*** SCC Grand Prix: Titled Tuesday Blitz"]
[Site "Chess.com"]
[Date "2020.09.08"]
[Round "6"]
[White "renehp"]
[Black "Grandelicious"]
[Result "0-1"]
[WhiteElo "2562"]
[BlackElo "2805"]
[TimeControl "180+1"]
[EndTime "11:04:28 PDT"]
[Termination "Grandelicious won by resignation"]

1. e4 c5 2. Nf3 e6 3. d4 cxd4 4. Nxd4 a6 5. Nc3 d6 6. g3 Bd7 7. Bg2 Nc6 8. O-O Nf6 9. Nb3 Be7 10. f4 O-O 11. g4 b5 12. g5 Ne8 13. Qh5 g6 14.
Qh6 f6 15. Be3 fxg5 16. fxg5 Ne5 17. Bh3 Nf7 18. Rxf7 Rxf7 19. Nd4 Ng7 20. a3 e5 21. Nde2 Nh5 22. Bxd7 Qxd7 0-1

[Event "*** SCC Grand Prix: Titled Tuesday Blitz"]
[Site "Chess.com"]
[Date "2020.09.08"]
[Round "6"]
[White "chigorin28"]
[Black "Colombiano07"]
[Result "1-0"]
[WhiteElo "2438"]
[BlackElo "2317"]
[TimeControl "180+1"]
[EndTime "11:04:32 PDT"]
[Termination "chigorin28 won by resignation"]

1. e4 e6 2. Qe2 c5 3. d3 Nc6 4. Nf3 e5 5. Nc3 d6 6. Be3 Bg4 7. h3 Bh5 8. g4 Bg6 9. Bg2 h5 10. g5 Nd4 11. Bxd4 cxd4 12. Nd5 Ne7 13. O-O Nxd5 14. exd5 h4 15. Nxd4 Qxg5 16. f4 Qe7 17. fxe5 Qxe5 18. Qf2 Be7 19. Rae1 Qg3 20. Qe2 Qg5 21.
Nf5 Bxf5 22. Rxf5 1-0

[Event "*** SCC Grand Prix: Titled Tuesday Blitz"]
[Site "Chess.com"]
[Date "2020.09.08"]
[Round "6"]
[White "MFBerna"]
[Black "Roza_Idrisova"]
[Result "1-0"]
[WhiteElo "2459"]
[BlackElo "2159"]
[TimeControl "180+1"]
[EndTime "11:04:34 PDT"]
[Termination "MFBerna won by resignation"]

1. c4 c6 2. Nf3 d5 3. b3 Nf6 4. Bb2 Bf5 5. g3 e6 6. Bg2 h6 7.
O-O Be7 8. d3 O-O 9. Nbd2 a5 10.
a3 Na6 11. Ne5 Nd7 12. Nxd7 Qxd7 13. Nf3 Rfd8 14. Ne5 Qe8 15. Qc2 Rac8 16. e4 dxe4 17. dxe4 Bh7 18. Bc3 b6 19. Qb2 f6 20. Nf3 Nc5 21.
e5 Nd3 22. Qe2 f5 23. Nd4 Rd7 24. Nxe6 f4 25. Nxg7 fxg3 26. Nxe8 gxh2+ 27. Kh1 Rxe8 28. Qg4+ Bg5 29. Qxd7 1-0

[Event "*** SCC Grand Prix: Titled Tuesday Blitz"]
[Site "Chess.com"]
[Date "2020.09.08"]
[Round "6"]
[White "Caterpiller35"]
[Black "ViktoriyaTarasova"]
[Result "0-1"]
[WhiteElo "2454"]
[BlackElo "2245"]
[TimeControl "180+1"]
[EndTime "11:04:38 PDT"]
[Termination "ViktoriyaTarasova won by resignation"]

1. d4 Nf6 2. Bg5 d5 3. e3 Bf5 4. Bxf6 gxf6 5. c4 c6 6. Nc3 e6 7. cxd5 exd5 8. Qb3 Qb6 9. Qxb6 axb6 10. Nge2 h5 11. Rc1 Nd7 12. h4 b5 13. Kd2 Nb6 14.
Ng3 Bg6 15. a3 Bd6 16. Bd3 Bxd3 17. Kxd3 Bxg3 18. fxg3 Rg8 19. Rhf1 Rxg3 20. Rxf6 Nc4 21. Rf3 Rxg2 22. Rc2 Nxb2+ 23. Rxb2 Rxb2 24. Rf5 Rxa3 25. Re5+ Kf8 26. Rxh5 Rbb3 0-1

[Event "*** SCC Grand Prix: Titled Tuesday Blitz"]
[Site "Chess.com"]
[Date "2020.09.08"]
[Round "6"]
[White "kobemagic"]
[Black "Gorin_Leonid"]
[Result "0-1"]
[WhiteElo "2357"]
[BlackElo "2622"]
[TimeControl "180+1"]
[EndTime "11:04:40 PDT"]
[Termination "Gorin_Leonid won by resignation"]

1. c4 e5 2. g3 Nf6 3. Bg2 d5 4. cxd5 Nxd5 5. Nf3 Nc6 6. O-O Nb6 7. b3 Be6 8. Bb2 f6 9. d3 Qd7 10. Nbd2 O-O-O 11. a4 Nd5 12. Rc1 Kb8 13. Ne4 Bh3 14. Nc5 Bxc5 15.
Rxc5 Bxg2 16. Kxg2 Ndb4 17. Qd2 e4 18. Ne1 exd3 19. Nxd3 Nxd3 20. exd3 Qxd3 21. Qf4 Qxb3 22. Ba1 Rd5 23. Rb5 Rxb5 24. axb5 Qxb5 25. Re1 Qd5+ 26.
Kg1 Rd8 27. h4 b6 28. Qg4 Rd7 29. Re8+ Kb7 30. h5 Qd1+ 0-1

[Event "*** SCC Grand Prix: Titled Tuesday Blitz"]
[Site "Chess.com"]
[Date "2020.09.08"]
[Round "6"]
[White "VojtechPlat"]
[Black "PattyCastillo"]
[Result "1-0"]
[WhiteElo "2831"]
[BlackElo "1913"]
[TimeControl "180+1"]
[EndTime "11:04:40 PDT"]
[Termination "VojtechPlat won by checkmate"]

1. e4 c5 2. Nf3 d6 3. c3 Nf6 4. Bc4 Nbd7 5. Qe2 e6 6. d4 Be7 7.
e5 dxe5 8. dxe5 Nd5 9. O-O N5b6 10. Bd3 Qc7 11. Na3 a6 12. Re1 Nd5 13. Nc4 b5 14. Nd6+ Bxd6 15. exd6 Qxd6 16. Be4 N7f6 17. Bc2 O-O 18. Ne5 Bb7 19. Bg5 h6 20. Bxf6 Nxf6 21. Rad1 Qc7 22. Rd3 Rad8 23. Rg3 Rd5 24. Qe3 Kh8 25.
Rh3 Rxe5 26. Qxe5 Qe7 27. Rd1 Nd5 28. Rxh6+ Kg8 29. Bh7+ Kh8 30. Bg6+ Kg8 31. Rh8+ Kxh8 32. Qh5+ Kg8 33. Qh7# 1-0